 Seeded DCSS version 0.30-a0-134-gb40fab5c76 (webtiles) character file.

Game seed: 18168638616186862194 (custom seed)

67369 ravioli the Convoker (level 15, -1/98 HPs)
             Began as an Octopode Summoner on Sept 20, 2022.
             Was an Initiate of Gozag.
             Slain by Rupert
             ... wielding a +2 battleaxe of electrocution
              (19 damage)
             ... on level 14 of the Dungeon.
             The game lasted 01:27:44 (36923 turns).

ravioli the Convoker (Octopode Summoner)           Turns: 36923, Time: 01:27:45

Health: -1/98      AC:  5    Str: 16    XL:     15   Next: 22%
Magic:  34/42      EV: 15    Int: 31    God:    Gozag
Gold:   672        SH:  0    Dex: 13    Spells: 11/43 levels left

rFire   . . .      SeeInvis +    f - +7 dagger "Vigaga" {spect, Fragile Str+3 Int+6 Stlth+}
rCold   . . .      Faith    .    (no shield)
rNeg    + . .      Spirit   .    (helmet restricted)
rPois   +          Reflect  .    c - amulet of regeneration
rElec   .          Harm     .    n - ring of positive energy
rCorr   .          Rampage  .    e - +6 ring of strength
Will    +....                    E - ring of wizardry
Stlth   +++++.....               J - ring of magical power
HPRegen 1.06/turn                C - ring of see invisible
MPRegen 0.28/turn                P - ring of poison resistance
                                 R - +4 ring of protection
                                 (no ring)

@: swift, about to teleport, quick
A: almost no armour, amphibious, 8 rings, camouflage 1, gelatinous body 1,
(nimble swimmer 1), tentacles
a: Renounce Religion, Potion Petition, Call Merchant, Bribe Branch


You were on level 14 of the Dungeon.
You worshipped Gozag.
Gozag was pleased with you.
You visited 3 branches of the dungeon, and saw 21 of its levels.

You collected 6159 gold pieces.
You spent 1499 gold pieces at shops.
You paid 3988 gold pieces to Gozag.

Inventory:

Hand Weapons
 f - the +7 dagger "Vigaga" (weapon) {spect, Fragile Str+3 Int+6 Stlth+}
   (You found it on level 3 of the Dungeon)

   When its wielder attacks, the weapon's spirit leaps out and strikes again.
   The spirit shares a part of any damage it takes with its wielder.
   Str:       It affects your strength (+3).
   Int:       It affects your intelligence (+6).
   Fragile:   It will be destroyed if unequipped.
   Stlth:     It makes you more stealthy.
Missiles
 p - 3 throwing nets
Jewellery
 c - an amulet of regeneration (around mantle)
 e - a +6 ring of strength (right tentacle)
 n - a ring of positive energy (left tentacle)
 C - a ring of see invisible (on tentacle)
 D - an amulet of guardian spirit
 E - a ring of wizardry (on tentacle)
 F - an amulet of the acrobat
 J - a ring of magical power (on tentacle)
 P - a ring of poison resistance (on tentacle)
 R - a +4 ring of protection (on tentacle)
 S - an amulet of reflection
Wands
 k - a wand of mindburst (7)
 O - a wand of iceblast (1)
 Q - a wand of polymorph (3)
 U - a wand of charming (11)
 W - a wand of flame (3)
Scrolls
 d - 4 scrolls of enchant weapon {unknown}
 h - a scroll of blinking {unknown}
 j - 13 scrolls of teleportation
 l - 3 scrolls of noise
 r - 3 scrolls of magic mapping {unknown}
 s - 2 scrolls of torment {unknown}
 t - 2 scrolls of poison
 v - a scroll of amnesia {unknown}
 w - 3 scrolls of fear
 x - 3 scrolls of silence
 y - a scroll of immolation {unknown}
 B - 3 scrolls of enchant armour
 G - 5 scrolls of vulnerability
 I - 2 scrolls of fog {unknown}
 V - a scroll of acquirement
Potions
 a - 2 potions of magic
 b - 3 potions of degeneration {unknown}
 g - 4 potions of lignification
 i - 5 potions of heal wounds
 m - 2 potions of brilliance
 o - a potion of resistance {unknown}
 q - a potion of cancellation {unknown}
 u - 3 potions of flight {unknown}
 z - 8 potions of curing
 A - 2 potions of invisibility
 H - 2 potions of ambrosia
 K - 3 potions of haste {unknown}
 L - 4 potions of might
 M - 3 potions of attraction {unknown}
 T - 2 potions of berserk rage {unknown}
Miscellaneous
 N - a lightning rod (4/4)


   Skills:
 * Level 7.6 Fighting
 + Level 1.8 Short Blades
 + Level 5.5 Dodging
 - Level 5.0 Stealth
 + Level 0.2 Unarmed Combat
 + Level 14.9 Spellcasting
 - Level 5.0 Hexes
 - Level 16.6 Summonings
 * Level 4.4 Translocations
 - Level 7.0 Air Magic
 + Level 1.5 Evocations


You had 11 spell levels left.
You knew the following spells:

 Your Spells              Type           Power      Damage    Failure   Level
a - Summon Small Mammal   Summ           100%       N/A       0%          1
b - Call Canine Familiar  Summ           90%        N/A       0%          3
c - Summon Guardian Gole  Hex/Summ       74%        N/A       1%          3
d - Summon Lightning Spi  Summ/Air       77%        N/A       1%          4
e - Summon Cactus Giant   Summ           45%        N/A       1%          6
f - Summon Mana Viper     Hex/Summ       74%        N/A       1%          5
g - Swiftness             Air            61%        N/A       1%          3
h - Malign Gateway        Summ/Tloc      36%        N/A       9%          7

Your spell library contained the following spells:

 Spells                   Type           Power      Damage    Failure   Level
 Call Imp                 Summ           90%        N/A       0%          2
 Apportation              Tloc           100%       N/A       1%          1
 Shock                    Conj/Air       100%       1d9       1%          1
 Cigotuvi's Dreadful Rot  Necr/Pois/Air  74%        N/A       1%          2
 Ensorcelled Hibernation  Hex/Ice        76%        N/A       1%          2
 Scorch                   Fire           46%        2d7       1%          2
 Lesser Beckoning         Tloc           50%        N/A       1%          3
 Airstrike                Air            30%        2d(5-21)  1%          4
 Passage of Golubria      Tloc           50%        N/A       1%          4
 Summon Ice Beast         Ice/Summ       65%        N/A       1%          4
 Silence                  Hex/Air        28%        N/A       1%          5
 Anguish                  Hex/Necr       19%        N/A       2%          4
 Dispel Undead            Necr           23%        3d12      9%          4
 Flame Wave               Conj/Fire      23%        2d8       9%          4
 Metabolic Englaciation   Hex/Ice        19%        N/A       9%          5
 Dispersal                Tloc           25%        N/A       19%         6
 Alistair's Intoxication  Tmut/Pois      15%        N/A       22%         5
 Blade Hands              Tmut           11%        N/A       22%         5
 Enfeeble                 Hex            26%        N/A       61%         7
 Death Channel            Necr           11%        N/A       73%         6
 Iron Shot                Conj/Erth      11%        9d3       73%         6
 Disjunction              Tloc           25%        N/A       100%        8
 Lehudib's Crystal Spear  Conj/Erth      11%        10d4      100%        8
 Polar Vortex             Ice            11%        N/A       100%        9
 Animate Armour           Summ/Erth      Unusable   N/A       N/A         4
 Simulacrum               Ice/Necr       Unusable   N/A       N/A         6

Dungeon Overview and Level Annotations

Branches:
Dungeon (15/15)            Temple (1/1) D:6            Lair (5/5) D:8
  Swamp (0/4) Lair:3       Spider (0/4) Lair:2        Slime (0/5) Lair:4
    Orc (0/2) D:9          Vaults (0/5) D:14
 Depths: D:15

Altars:
Ashenzari
Cheibriados
Dithmenos
Elyvilon
Fedhas
Gozag
Hepliaklqana
Kikubaaqudgha
Makhleb
Nemelex Xobeh
Okawaru
Qazlal
Ru
Sif Muna
Trog
Uskayaw
Vehumet
Wu Jian
Xom
Yredelemnul
Zin
The Shining One

Shops:
D:3 =   D:10 =   D:12 (   D:14 ==   Lair:1 :   Lair:5 !

Portals:
Hell: Lair:5

Annotations:
D:6 1 runed translucent door, Crazy Yiuf
D:14 2 transporters, Rupert


Innate Abilities, Weirdness & Mutations

You cannot wear most types of armour.
You are amphibious.
You can wear up to eight rings at the same time.
Your skin changes colour to match your surroundings (Stealth+).
Your rubbery body absorbs attacks. (AC +1, EV +1)
((You are camouflaged when in or above water. (Stealth+)))
You have tentacles for arms and can constrict up to eight enemies at once.


Message History

Lightning courses through your cactus giant!!
Your cactus giant hits Rupert with a +0 giant spiked club.
Casting: Swiftness (safe; 1% risk of failure)
Confirm with . or Enter, or press ? or * to list all spells.
A mana viper appears with a sibilant hiss.
Rupert hits you with a +2 battleaxe of electrocution!! x2
* * * LOW HITPOINT WARNING * * *
You are electrocuted!
* * * LOW HITPOINT WARNING * * *
[a] - 324 gold - brilliance and magic [b] - 672 gold - haste, resistance and invisibility [c] - 352 gold - heal wounds, curing and magic Purchase which effect?
You feel much better.
You feel better. Magic courses through your body.
Rupert hits you with a +2 battleaxe of electrocution!
You are electrocuted!
* * * LOW HITPOINT WARNING * * *
You swap places.
Rupert hits your mana viper with a +2 battleaxe of electrocution!!!
Your mana viper bites Rupert!
Casting: Summon Mana Viper (mildly dangerous; 1% risk of failure)
Confirm with . or Enter, or press ? or * to list all spells.
An electric hum fills the air.
Rupert hits your mana viper with a +2 battleaxe of electrocution!!
Your mana viper dies!
Your mana viper disappears in a puff of smoke!
Rupert hits your cactus giant with a +2 battleaxe of electrocution!!
Lightning courses through your cactus giant!
Your cactus giant is destroyed!
Your cactus giant disappears in a puff of smoke!
Your lightning spire cannot move out of your way!
You feel much better. Rupert closely misses you.
As you read the scroll of teleportation, it crumbles to dust.
You feel strangely unstable.
Rupert hits you with a +2 battleaxe of electrocution!!
You are electrocuted!
* * * LOW HITPOINT WARNING * * *
Rupert hits you with a +2 battleaxe of electrocution!!
You die...
Your body crumbles into a pile of gold.

#..##.###.#.........####..#..##
##.##.# #....[.###..^.###..#..###
#.##.#####....#...#..# #...#...#
#......# #....#.###..#####.###.#
###....###....#.# #........###..
###...##.......# ##..###...####
##...........>#####..........# #
##..#..........@##..........#.###
#..#......##....@.....##.........
#.......######...8..####........#
#.....##########..######.........
#...####..##..######..##....##..#
#...##....##....##....##....##...
#...##....##....##....##....##..#
#...##....##....##....##....##..#
##..##....##....##....##....##..#
#..##..........##..........##..#


You could see Rupert (berserk, ally target) and a friendly lightning spire
(summoned).

Vanquished Creatures
  A cane toad (Lair:2)
  A troll (D:9)
  2 blink frogs
  2 vampire mosquitoes (D:13)
  Edmund (D:6)
  A sky beast (D:6)
  2 bullfrogs (Lair:1)
  2 electric eels
  A hound (D:4)
  A scorpion zombie (D:4)
  A hobgoblin (D:2)
  A quokka (D:1)
16 creatures vanquished.

Vanquished Creatures (collateral kills)
  Jorgrun (D:13)
  A dire elephant (Lair:5)
  2 hydras
  Erica (Lair:2)
  A hell beast (Lair:5)
  A boulder beetle (D:14)
  A two-headed ogre (D:11)
  3 centaur warriors
  9 death yaks
  A deep elf knight (D:14)
  Nergalle (D:10)
  6 skeletal warriors
  A wizard (Lair:5)
  3 deep elf pyromancers
  2 orc knights (D:14)
  2 lindwurms
  A deep elf zephyrmancer (D:14)
  2 cyclopes
  3 ugly things
  A manticore (D:11)
  2 black mambas
  5 elephants (Lair:2)
  2 gargoyles (D:12)
  10 cane toads
  4 molten gargoyles (D:9)
  A torpor snail (Lair:3)
  An orange demon (Lair:5)
  A smoke demon (Lair:5)
  2 rime drakes (Lair:5)
  Psyche (D:8)
  A kobold demonologist (D:14)
  Maggie (D:7)
  5 yaktaurs (D:14)
  An efreet (D:13)
  A freezing wraith (D:14)
  10 komodo dragons
  3 ice devils (Lair:5)
  2 red devils (Lair:5)
  2 tengu conjurers (D:14)
  2 hornets
  5 trolls
  A nameless horror (D:8)
  7 slime creatures
  19 dream sheep
  10 blink frogs
  2 shadows
  3 vampires
  33 yaks
  2 wyverns
  The ghost of ystael the Trooper, an amateur MiFi of the Shining One (D:4)
  Grum (D:8)
  9 basilisks
  8 vampire mosquitoes
  2 redbacks (Lair:2)
  5 steam dragons
  A swamp worm (Lair:3)
  12 water moccasins
  3 hell hounds (Lair:5)
  5 acid dragons
  An ice beast (D:5)
  2 black bears (D:5)
  4 wolves
  7 orc warriors
  5 ogres
  5 boggarts (D:14)
  11 centaurs
  2 phantoms
  Blork the orc (D:6)
  10 kobold brigands
  10 bullfrogs
  2 gnoll sergeants (D:9)
  3 scorpions
  5 wights (D:8)
  8 killer bees (D:9)
  5 electric eels
  2 howler monkeys
  7 hounds
  3 orc priests
  4 jellies
  3 gnoll boudas
  10 orc wizards
  Natasha (twice) (D:2)
  3 iguanas
  A scorpion zombie (D:4)
  4 hell rats (Lair:2)
  8 adders
  11 gnolls
  2 river rats (D:8)
  2 shadow imps (D:6)
  A white imp (D:7)
  3 ufetubi (D:5)
  4 worms
  A dart slug (D:4)
  38 orcs
  6 endoplasms
  A giant cockroach (D:3)
  9 goblins
  4 hobgoblins
  15 jackals
  2 quokkas
  7 ball pythons
  2 bats (D:1)
  2 frilled lizards (D:1)
  11 kobolds
  4 rats
482 creatures vanquished.

Vanquished Creatures (others)
  A centaur warrior (D:14)
  A skeletal warrior (D:14)
  An orc warrior (D:6)
  A black bear (D:6)
  A centaur (D:14)
  An orc priest (D:9)
  An orc (D:9)
  17 fungi
  72 plants
96 creatures vanquished.

Grand Total: 594 creatures vanquished

Notes
Turn   | Place    | Note
-------+----------+-------------------------------------------
     0 | D:1      | ravioli the Octopode Summoner began the quest for the Orb.
     0 | D:1      | Reached XP level 1. HP: 11/11 MP: 3/3
   270 | D:1      | Reached XP level 2. HP: 17/17 MP: 1/5
  1351 | D:1      | Reached skill level 7 in Summonings
  1351 | D:1      | Reached XP level 3. HP: 21/21 MP: 6/9
  1477 | D:1      | Learned a level 3 spell: Call Canine Familiar
  1481 | D:1      | Learned a level 3 spell: Summon Guardian Golem
  1933 | D:3      | Identified the +7 dagger "Vigaga" {spect, Fragile Str+3
                  | Int+6 Stlth+}
  2201 | D:1      | Reached XP level 4. HP: 27/27 MP: 6/10
  2369 | D:1      | Reached skill level 8 in Summonings
  2660 | D:1      | Found a faded altar of an unknown god.
  2830 | D:2      | Learned a level 4 spell: Summon Lightning Spire
  2943 | D:2      | Noticed Natasha
  2958 | D:2      | Killed Natasha
  3245 | D:2      | Noticed Natasha
  3251 | D:2      | Killed Natasha
  3252 | D:2      | Reached XP level 5. HP: 21/31 MP: 12/12
  3751 | D:3      | Found Erovobae's Jewellery Boutique.
  4094 | D:3      | Reached XP level 6. HP: 36/36 MP: 13/13
  4356 | D:4      | Found a runed translucent gate.
  4356 | D:4      | Found a runed translucent gate.
  4356 | D:4      | Found a runed translucent gate.
  4356 | D:4      | Noticed ystael's ghost (amateur MiFi)
  4556 | D:4      | Reached skill level 5 in Spellcasting
  4665 | D:5      | Entered Level 5 of the Dungeon
  4730 | D:5      | Noticed a black bear
  4743 | D:5      | Killed a black bear
  5197 | D:5      | Reached XP level 7. HP: 41/41 MP: 15/15
  5205 | D:5      | Reached skill level 5 in Dodging
  5270 | D:5      | Reached skill level 5 in Stealth
  5515 | D:5      | Identified the +5 falchion of the Oily God {vorpal, Drain
                  | rElec Dex+6}
  5654 | D:5      | Reached skill level 9 in Summonings
  5654 | D:5      | Reached XP level 8. HP: 47/47 MP: 15/17
  5707 | D:6      | Noticed Blork the orc
  5712 | D:6      | Killed Blork the orc
  5973 | D:6      | Found a staircase to the Ecumenical Temple.
  5986 | Temple   | Entered the Ecumenical Temple
  6000 | Temple   | Became a worshipper of Gozag Ym Sagoz the Greedy
  6114 | D:4      | Reached skill level 1 in Fighting
  6325 | D:4      | Learned a level 6 spell: Summon Cactus Giant
  6473 | D:4      | Found a basalt altar of Yredelemnul.
  6906 | D:5      | Reached skill level 1 in Air Magic
  6968 | D:5      | Reached XP level 9. HP: 53/53 MP: 18/18
  7156 | D:6      | Reached skill level 10 in Summonings
  7551 | D:6      | Noticed Edmund
  7639 | D:6      | Killed Edmund
  8099 | D:6      | Found a runed translucent door.
  8128 | D:6      | Noticed Crazy Yiuf
  8244 | D:6      | Found an ancient bone altar of Kikubaaqudgha.
  8271 | D:6      | Found an ornate altar of the Wu Jian Council.
  8272 | D:6      | Found a glowing silver altar of Zin.
  8272 | D:6      | Found a radiant altar of Vehumet.
  8272 | D:6      | Found a glowing golden altar of the Shining One.
  8274 | D:6      | Found a shimmering blue altar of Sif Muna.
  8275 | D:6      | Found a bloodstained altar of Trog.
  8277 | D:6      | Found a sparkling altar of Nemelex Xobeh.
  8278 | D:6      | Found a burning altar of Makhleb.
  8749 | D:7      | Noticed Maggie
  9179 | D:7      | Killed Maggie
 10039 | D:8      | Noticed Grum
 10050 | D:8      | Reached skill level 11 in Summonings
 10050 | D:8      | Reached XP level 10. HP: 57/58 MP: 12/21
 10057 | D:8      | Killed Grum
 10358 | D:8      | Noticed Psyche
 10373 | D:8      | Killed Psyche
 10581 | D:8      | Noticed a death yak
 10586 | D:8      | Noticed a nameless horror
 10592 | D:8      | Killed a nameless horror
 10593 | D:8      | Noticed a death yak
 10599 | D:8      | Noticed a death yak
 10602 | D:8      | Killed a death yak
 10608 | D:8      | Killed a death yak
 10609 | D:8      | Reached skill level 12 in Summonings
 10613 | D:8      | Killed a death yak
 10779 | D:8      | Found a staircase to the Lair.
 11218 | D:3      | Bought a ring of wizardry for 420 gold pieces
 11321 | Lair:1   | Entered Level 1 of the Lair of Beasts
 11472 | Lair:1   | Identified 2 scrolls of acquirement
 11506 | Lair:1   | Noticed a cane toad
 11511 | Lair:1   | Killed a cane toad
 11512 | Lair:1   | Reached XP level 11. HP: 63/63 MP: 10/23
 11772 | Lair:1   | Identified the +8 halberd of Xadidyoff {spect, SInv}
 11849 | Lair:1   | Acquired 1137 gold pieces
 11999 | Lair:1   | Reached skill level 13 in Summonings
 12789 | Lair:1   | Reached skill level 5 in Air Magic
 12989 | Lair:1   | Bought the Atlas of Doom for 704 gold pieces
 12995 | Lair:1   | Learned a level 5 spell: Summon Mana Viper
 13211 | Lair:2   | Reached skill level 14 in Summonings
 13307 | Lair:2   | Found a hole to the Spider Nest.
 13334 | Lair:2   | Reached skill level 1 in Hexes
 13710 | D:3      | Bought a ring of magical power for 280 gold pieces
 13946 | Lair:2   | Reached skill level 1 in Short Blades
 14280 | Lair:2   | Reached XP level 12. HP: 69/69 MP: 25/25
 14316 | Lair:2   | Noticed Erica
 14329 | Lair:2   | Killed Erica
 15045 | Lair:2   | Reached skill level 10 in Spellcasting
 15049 | Lair:2   | Reached skill level 15 in Summonings
 15531 | Lair:3   | Found a staircase to the Swamp.
 16324 | Lair:4   | Found a staircase to the Slime Pits.
 17481 | Lair:5   | Entered Level 5 of the Lair of Beasts
 17497 | Lair:5   | Reached skill level 1 in Evocations
 17512 | Lair:5   | Reached XP level 13. HP: 73/73 MP: 19/27
 17715 | Lair:5   | Reached skill level 16 in Summonings
 19294 | Lair:5   | Learned a level 3 spell: Swiftness
 19398 | Lair:5   | Bought a potion of heal wounds for 95 gold pieces
 19398 | Lair:5   | Acquired Goemma's Parchment of Warped Hypothermia
 19656 | Lair:5   | Noticed a dire elephant
 19671 | Lair:5   | Killed a dire elephant
 20884 | D:9      | Learned a level 7 spell: Malign Gateway
 21093 | D:9      | Reached skill level 5 in Fighting
 21576 | D:9      | Identified the +1 leather armour of Servitude {Rampage
                  | SInv}
 21618 | D:9      | Reached XP level 14. HP: 88/88 MP: 29/30
 21902 | D:9      | Found a blossoming altar of Fedhas.
 22309 | D:9      | Found a staircase to the Orcish Mines.
 22515 | D:10     | Entered Level 10 of the Dungeon
 22572 | D:10     | Found a stormy altar of Qazlal.
 22813 | D:10     | Noticed Nergalle
 22829 | D:10     | Killed Nergalle
 23050 | D:10     | Found a sacrificial altar of Ru.
 24179 | D:11     | Found a hide-covered altar of Uskayaw.
 24186 | D:11     | Identified the +10 falchion "Duliez" {flame, rPois rN+}
 24484 | D:11     | Reached skill level 1 in Translocations
 25395 | D:12     | Found Necu's Antique Weapon Shop.
 26268 | D:13     | Noticed Jorgrun
 26283 | D:13     | Killed Jorgrun
 26284 | D:13     | Reached skill level 5 in Hexes
 28140 | D:4      | Killed ystael's ghost
 29047 | Lair:5   | Found a burning altar of Makhleb.
 29806 | Lair:5   | Found a gateway to Hell.
 33001 | D:14     | Reached XP level 15. HP: 97/97 MP: 22/33
 33708 | D:14     | Found a transporter.
 33710 | D:14     | Noticed a tentacled starspawn
 33726 | D:14     | Noticed a tentacled starspawn
 33736 | D:14     | Found Sehiw's Jewellery Emporium.
 33835 | D:14     | Found a transporter.
 36282 | D:14     | Found a gate to the Vaults.
 36590 | D:15     | Entered Level 15 of the Dungeon
 36900 | D:15     | Noticed Rupert
 36903 | D:15     | Paralysed by Rupert for 2 turns
 36923 | D:14     | Slain by Rupert

Illustrated notes

Levels and vault maps discovered:
D:1:      dpeg_arrival_pits, layout_basic, dilly_ecumenical_altar_fadedgnrine
D:2:      layout_basic, minmay_distorted, uniq_natasha
D:3:      layout_basic, serial_shops, nicolae_shop_waterfront
D:4:      layout_gridville, nicolae_yredelemnul_ghost_church
D:5:      minmay_evil_eye, layout_rooms
D:6:      layout_basic, minitemple, minmay_temple_entry_ruins, serial_curves,
          eino_curves_02, eino_curves_03, minmay_checkerbox, uniq_edmund,
          uniq_blork_the_orc, uniq_crazy_yiuf_cottage
D:7:      layout_basic, uniq_maggie
D:8:      layout_basic, dpeg_lair_monsters, uniq_grum, uniq_psyche
D:9:      layout_loops_ring, fedhas_altar_3,
          kennysheep_orc_monster_closet_entryway, enter_bailey_3, serial_bayou,
          serial_bayou_pond_b, serial_bayou_shore_a, serial_bayou_pond_e,
          serial_bayou_pond_b, minivault_8
D:10:     layout_loops_corners, lemuel_doored_altar, lemuel_crystal_altar,
          uniq_nergalle
D:11:     layout_stronghold, nicolae_water_bricks,
          eat_drink_and_be_merry_uskayaw
D:12:     layout_stronghold, serial_shops, shop, grunt_decor_cap
D:13:     hellmonk_destroyed_diamonds, layout_grid_maze, serial_bayou_ford_a,
          uniq_jorgrun
D:14:     layout_rooms, hangedman_vaults_entry_quadrant_bands,
          gammafunk_ghost_abyssal_escape, nicolae_two_hexagons, serial_shops,
          nicolae_shop_advertising_works [nicolae_subvault_shop_adworks]
D:15:     hangedman_depths_entry_civil_slaughter, layout_basic,
          interstate_on_off, minmay_the_grid_square_5x5_3x3_mashed
          [minmay_the_grid_square_5x5_comb, minmay_the_grid_square_5x5_fat_x,
          minmay_the_grid_square_5x5_two, minmay_the_grid_square_5x5_inner_i,
          minmay_the_grid_square_5x5_megaprize_hollow,
          minmay_the_grid_square_5x5_percent,
          minmay_the_grid_square_5x5_fancy_junction,
          minmay_the_grid_square_5x5_c, minmay_the_grid_square_5x5_n],
          uniq_rupert
Temple:   hellmonk_temple_rainy
Lair:1:   layout_cave_pods, serial_bayou_shore_b, lemuel_fruit_tree,
          grunt_megastairs_1
Lair:2:   layout_loops_ring, spider_nest_entry_webs, uniq_erica
Lair:3:   layout_misc_corridors, minmay_swamp_entry_worms, grunt_megastairs_3
Lair:4:   layout_concentric_octagons, slime_entry_1, serial_bayou_lagoon_b
Lair:5:   evil_forest, layout_cellular_growth

Skill      XL: |  1  2  3  4  5  6  7  8  9 10 11 12 13 14 15 |
---------------+----------------------------------------------+-----
Dodging        | 4 5 |  5.5
Spellcasting   | 4 5 6 7 8 9 10 12 14 | 14.9
Summonings     | 7 8 9 11 12 14 15 16 | 16.6
Stealth        | 3 4 5 |  5.0
Fighting       | 1 5 7 |  7.6
Air Magic      | 1 3 4 5 7 |  7.0
Hexes          | 1 2 4 5 |  5.0
Short Blades   | 1 |  1.8
Evocations     | 1 |  1.5
Translocations | 3 4 |  4.4
Unarmed Combat | |  0.2

Action                   |  1- 3 |  4- 6 |  7- 9 | 10-12 | 13-15 || total
-------------------------+-------+-------+-------+-------+-------++-------
Melee: Constrict         |     1 |     3 |     2 |     6 |     4 ||    16
       Unarmed           |     1 |     2 |       |       |       ||     3
       Tentacles         |     1 |     2 |     3 |     5 |     3 ||    14
       Dagger            |       |     2 |    13 |    12 |    16 ||    43
       Punch             |       |       |       |       |     1 ||     1
 Cast: Summon Small Mamm |    37 |       |       |     8 |       ||    45
       Call Canine Famil |     4 |    15 |    26 |    39 |    74 ||   158
       Summon Guardian G |       |     1 |     5 |       |     4 ||    10
       Summon Lightning  |       |       |     6 |    22 |    41 ||    69
       Summon Cactus Gia |       |       |     4 |    33 |    67 ||   104
       Summon Mana Viper |       |       |       |    24 |    88 ||   112
       Swiftness         |       |       |       |       |     4 ||     4
Invok: Call Merchant     |       |       |       |     1 |     3 ||     4
       Potion Petition   |       |       |       |       |     1 ||     1
Evoke: Wand              |       |       |       |     4 |     9 ||    13
  Use: Potion            |     1 |       |       |     2 |     3 ||     6
       Scroll            |       |       |     3 |     6 |    10 ||    19
Armor: Skin              |     2 |     2 |     1 |       |     6 ||    11
Dodge: Dodged            |    22 |    16 |    15 |    28 |    94 ||   175

Table legend: (Time is in decaauts)
 A = Elapsed time spent in this place.
 B = Non-inter-level travel time spent in this place.
 C = Inter-level travel time spent in this place.
 D = Time resting spent in this place.
 E = Time spent auto-exploring this place.
 F = Levels seen in this place.
 G = Mean time per level.
                   A        B        C        D        E       F      G
               +--------+--------+--------+--------+--------+-----+--------+
         Total |  36959 |  34253 |   2706 |  17621 |  11508 |  21 | 1760.0 |
       Dungeon |  26617 |  24864 |   1753 |  12718 |   8396 |  15 | 1774.5 |
        Temple |     28 |     14 |     14 |      0 |      0 |   1 |   28.0 |
          Lair |  10313 |   9374 |    939 |   4903 |   3112 |   5 | 2062.6 |
               +--------+--------+--------+--------+--------+-----+--------+

Top non-repeatable levels by time:
    D:14: 6752 daAuts
  Lair:5: 4038 daAuts
     D:1: 2435 daAuts
     D:9: 2358 daAuts
  Lair:2: 1979 daAuts
  Lair:1: 1918 daAuts
    D:13: 1738 daAuts
     D:6: 1728 daAuts
    D:11: 1658 daAuts
     D:7: 1571 daAuts
     D:8: 1483 daAuts
     D:5: 1414 daAuts
     D:4: 1350 daAuts
  Lair:4: 1254 daAuts
     D:2: 1193 daAuts
